 Dungeon Crawl Stone Soup version 0.20.0-15-g7f486f2 (webtiles) character file.

10565 KleinerIrrer the Blocker (level 11, 0/86 HPs)
             Began as a Formicid Fighter on June 25, 2017.
             Was a Priest of Cheibriados.
             Slain by a red devil
             ... wielding a +0 trident
             ... summoned by an orc sorcerer
              (10 damage)
             ... on level 2 of the Orcish Mines.
             The game lasted 00:45:15 (10609 turns).

KleinerIrrer the Blocker (Formicid Fighter)        Turns: 10609, Time: 00:45:16

Health: 0/86       AC: 20    Str: 33    XL:     11   Next: 95%
Magic:  15/23      EV: 10    Int: 15    God:    Cheibriados [***...]
Gold:   762        SH: 20    Dex: 18    Spells: 10/10 levels left

rFire    . . .     SeeInvis +   a - +3 battleaxe
rCold    . . .     Gourm    .   c - +1 shield
rNeg     . . .     Faith    .   p - +4 plate armour
rPois    .         Spirit   .   (helmet unavailable)
rElec    .         Reflect  +   (no cloak)
rCorr    .         Harm     .   q - +2 pair of gloves
MR       +....                  (no boots)
Stlth    ..........             r - +5 amulet of reflection
Regen    0.3/turn               y - ring of wizardry
MPRegen  0.2/turn               M - ring of magical power

@: very slow
A: permanent stasis, dig shafts and tunnels, four strong arms, antennae 3
a: Dig, Shaft Self, Bend Time, Temporal Distortion, Renounce Religion


You were on level 2 of the Orcish Mines.
You worshipped Cheibriados.
Cheibriados was most pleased with you.
You were not hungry.

You visited 3 branches of the dungeon, and saw 12 of its levels.
You also visited: Sewer.

You collected 762 gold pieces.

Inventory:

Hand Weapons
 a - a +3 battleaxe (weapon)
 m - a +0 hand axe of chopping
 I - a +0 battleaxe of chopping
 J - a +2 halberd
 L - a +0 hand axe of flaming
 O - a +0 hand axe of freezing
Missiles
 A - 85 arrows
Armour
 c - a +1 shield (worn)
 p - a +4 plate armour (worn)
 q - a +2 pair of gloves (worn)
 E - a +2 leather armour of cold resistance
Jewellery
 r - a +5 amulet of reflection (around neck)
 w - a +2 amulet of reflection
 y - a ring of wizardry (left hand)
 F - an uncursed amulet of rage
 M - a ring of magical power (right hand)
Wands
 u - a wand of iceblast (6/15)
 H - a wand of disintegration (10/24)
 N - a wand of paralysis (8/24)
Scrolls
 b - 4 scrolls of teleportation
 g - 3 scrolls of fear
 h - 2 scrolls of fog
 k - 3 scrolls of remove curse
 z - a scroll of silence {unknown}
 B - a scroll of magic mapping
 K - a scroll of enchant armour
Potions
 e - 2 potions of ambrosia
 j - a potion of curing
 n - a potion of mutation {unknown}
 s - 3 potions of haste
 v - 5 potions of brilliance
 x - 3 potions of flight
 D - a potion of magic {unknown}
 G - a potion of cancellation {unknown}
Comestibles
 d - 5 fruits
 f - 11 bread rations
 i - 5 royal jellies
 l - 6 chunks of flesh
 o - 2 meat rations


   Skills:
 + Level 8.1 Fighting
 + Level 11.3 Axes
 + Level 7.5 Armour
 + Level 3.1 Dodging
 + Level 1.3 Stealth
 + Level 11.6 Shields
 * Level 4.1 Invocations


You had 10 spell levels left.
You didn't know any spells.

Dungeon Overview and Level Annotations

Branches:
Dungeon (9/15)             Temple (1/1) D:7             Orc (2/2) D:9
    Elf (0/3) Orc:2
   Lair: D:8-11

Altars:
Ashenzari
Cheibriados
Dithmenos
Fedhas
Hepliaklqana
Makhleb
Nemelex Xobeh
Sif Muna
Uskayaw
Vehumet
Yredelemnul
Zin

Shops:
D:4 :   D:5 %   D:7 %   D:9 }   Orc:1 ?


Innate Abilities, Weirdness & Mutations

You cannot be hasted, slowed, berserked, paralysed or teleported.
You can dig through walls and to a lower floor.
Your four strong arms can wield two-handed weapons with a shield.
You have a pair of large antennae on your head. (SInv)


Message History

You hit the orc sorcerer but do no damage.
You block the red devil's attack. You block the orc sorcerer's attack.
You hit the orc sorcerer but do no damage.
The orc sorcerer gestures at you while chanting.
The bolt of fire hits you!
* * * LOW HITPOINT WARNING * * *
The red devil hits you from afar with a trident!
* * * LOW HITPOINT WARNING * * *
Okay, then.
You can feel time thicken for a moment.
You feel somewhat more hungry.
You can no longer inflict damage on those overly hasty.
Cheibriados lowers the support of your attributes as your movement quickens.
You block the orc sorcerer's attack.
The red devil hits you but does no damage.
Okay, then.
The flow of time bends around you.
Cheibriados rebukes the orc sorcerer.
The orc sorcerer seems to slow down.
You feel slightly more hungry.
The red devil hits you from afar with a trident!
You die...

,*,***,,...#*** *##..,,,*,,,**,,,
,,,,,,,,....,,###...,,,,**,,,*,,,
,*,,,,,,.....,#.#..,,,,,,,,,,,,,,
**,,,,,*,#...##...#********,,,,**
,,,,,,***##...#...#,8,,,,**,,,,,*
**,,,,* #........#{,{,,,,*,,,,**
*,,,,,**##........#,8,,,,,*,,,,,*
*,,,,,,*......4.o.#****,,_*,,,,,,
*****,,,......##@.#,{,*{,,*,,<,,,
**,,,..o..*#...+,8{+,,,*,,,,,,
*,*,,....**##..#,{,*,,**,*,,,,
*******,..#** ##.########*,***,,
*≈≈≈****.,,* ###.........,,**,,,
*≈≈≈≈,,**,** #.##.....#.#******,
∩,,,,,,,*** ##..........#* **
*≈≈≈≈,,,* ###......##.$..***
*≈≈≈**,,* #.#......#**...,,** *


You could see an orc sorcerer and a red devil.

Vanquished Creatures
  The ghost of Timinator the Basher, a novice DsAK of Lugonu (D:9)
  An orc knight (Orc:1)
  An orc sorcerer (Orc:1)
  A cyclops (Orc:1)
  A troll (D:9)
  A hippogriff (D:7)
  Prince Ribbit (D:7)
  Sigmund (D:6)
  A spriggan (D:7)
  A wyvern (D:8)
  6 yaks (D:9)
  A hungry ghost (D:7)
  The ghost of koelner the Stinger, an amateur DsVM (D:3)
  A warg (Orc:1)
  Duvessa (D:7)
  A water moccasin (D:9)
  12 orc warriors
  A black bear (D:8)
  3 ice beasts
  An ogre (Orc:1)
  4 sky beasts
  2 necrophages
  4 phantoms
  2 centaurs
  4 big kobolds
  9 bullfrogs
  A gnoll sergeant (D:9)
  Dowan (D:7)
  A water moccasin skeleton (D:4)
  2 scorpions
  11 killer bees (D:8)
  9 wights (D:8)
  A howler monkey (D:5)
  A crimson imp (D:5)
  A centaur zombie (D:9)
  4 hounds
  10 orc priests
  16 orc wizards
  2 iguanas
  3 worker ants
  A hound zombie (D:7)
  A hound skeleton (D:4)
  2 worker ant zombies
  Robin (D:3)
  4 gnolls (D:9)
  3 river rats (Sewer)
  18 adders
  A shadow imp (D:6)
  An ooze (D:3)
  An adder zombie (D:6)
  2 adder skeletons (D:7)
  A worm (D:2)
  3 dart slugs
  7 leopard geckos
  46 orcs
  3 ball pythons
  5 bats
  6 giant cockroaches
  12 goblins
  13 hobgoblins
  11 jackals
  13 kobolds
  A quokka (D:4)
  A frilled lizard (D:2)
  A jackal skeleton (D:5)
  A leopard gecko skeleton (D:4)
  2 quokka zombies
  8 rats
295 creatures vanquished.

Vanquished Creatures (others)
  2 centaurs
  An orc (Orc:1)
  A goblin (D:3)
4 creatures vanquished.

Grand Total: 299 creatures vanquished

Notes
Turn   | Place    | Note
-------+----------+-------------------------------------------
     0 | D:1      | KleinerIrrer the Formicid Fighter began the quest for the Orb.
     0 | D:1      | Reached XP level 1. HP: 18/18 MP: 1/1
    92 | D:1      | Reached XP level 2. HP: 24/24 MP: 2/2
   355 | D:1      | Reached XP level 3. HP: 27/30 MP: 3/3
   991 | D:2      | Found a shattered altar of Ashenzari.
  1018 | D:2      | Reached XP level 4. HP: 37/37 MP: 4/4
  1427 | D:3      | Noticed Robin
  1433 | D:3      | Noticed a centaur
  1450 | D:3      | Killed Robin
  1454 | D:3      | HP: 1/37 [centaur (3)]
  1455 | D:3      | Killed a centaur
  1455 | D:3      | Reached XP level 5. HP: 1/42 MP: 5/5
  1879 | D:3      | Noticed koelner's ghost (amateur DsVM)
  2213 | D:3      | Killed koelner's ghost
  2213 | D:3      | Reached skill level 5 in Shields
  2213 | D:3      | Reached XP level 6. HP: 30/48 MP: 6/6
  2718 | D:4      | Reached XP level 7. HP: 44/54 MP: 7/7
  2719 | D:4      | Reached skill level 1 in Dodging
  3148 | D:4      | Reached skill level 5 in Axes
  3205 | D:4      | Found a shadowy altar of Dithmenos.
  3245 | D:4      | Found Rilehayw's Book Shop.
  3366 | D:5      | Entered Level 5 of the Dungeon
  3654 | D:5      | Reached XP level 8. HP: 53/60 MP: 8/8
  3768 | D:5      | Found Hocweob's Food Emporium.
  4315 | D:6      | Reached skill level 5 in Fighting
  4315 | D:6      | Reached skill level 5 in Armour
  4366 | D:6      | Noticed Sigmund
  4376 | D:6      | Killed Sigmund
  4746 | D:6      | Reached XP level 9. HP: 68/68 MP: 9/9
  4932 | D:6      | Found a glowing drain.
  4937 | Sewer    | Entered a sewer
  5866 | D:6      | Reached skill level 1 in Stealth
  6045 | D:7      | Found a basalt altar of Yredelemnul.
  6071 | D:7      | Found Vintatuf's Food Shop.
  6329 | D:7      | Noticed Prince Ribbit
  6382 | D:7      | Killed Prince Ribbit
  6522 | D:7      | Reached XP level 10. HP: 75/75 MP: 10/10
  6643 | D:7      | Found a staircase to the Ecumenical Temple.
  6653 | D:7      | Noticed Duvessa
  6653 | D:7      | Noticed Dowan
  6671 | D:7      | Killed Duvessa
  6704 | D:7      | Killed Dowan
  6770 | Temple   | Entered the Ecumenical Temple
  6800 | Temple   | Became a worshipper of Cheibriados the Contemplative
  7585 | D:8      | Reached skill level 10 in Shields
  7651 | D:8      | Reached * piety under Cheibriados
  8107 | D:8      | Reached ** piety under Cheibriados
  8677 | D:9      | Noticed Timinator's ghost (novice DsAK)
  8694 | D:9      | Killed Timinator's ghost
  8694 | D:9      | Reached XP level 11. HP: 73/85 MP: 11/11
  8750 | D:9      | Reached skill level 10 in Axes
  8861 | D:9      | Reached skill level 1 in Invocations
  8908 | D:9      | Reached *** piety under Cheibriados
  9145 | D:9      | Found a sparkling altar of Nemelex Xobeh.
  9231 | D:9      | Found Xintebla's Gadget Emporium.
  9466 | D:9      | Found a staircase to the Orcish Mines.
  9569 | D:9      | Reached **** piety under Cheibriados
  9713 | Orc:1    | Entered Level 1 of the Orcish Mines
  9815 | Orc:1    | Found Gyrph's Magic Scroll Emporium.
  9860 | Orc:1    | Noticed an orc sorcerer
  9861 | Orc:1    | Noticed an orc knight
  9874 | Orc:1    | Noticed a sun demon
  9877 | Orc:1    | Killed an orc sorcerer
  9886 | Orc:1    | Killed an orc knight
 10138 | Orc:1    | Noticed a cyclops
 10143 | Orc:1    | Killed a cyclops
 10542 | Orc:2    | Entered Level 2 of the Orcish Mines
 10600 | Orc:2    | Noticed an orc sorcerer
 10609 | Orc:2    | Slain by a red devil

Skill      XL: |  1  2  3  4  5  6  7  8  9 10 11 |
---------------+----------------------------------+-----
Shields        | 4 5 6 7 9 10 11 | 11.6
Axes           | 3 4 5 6 7 9 11 | 11.3
Armour         | 4 5 6 7 |  7.5
Fighting       | 4 5 6 7 8 |  8.1
Dodging        | 1 2 3 |  3.1
Stealth        | 1 |  1.3
Invocations    | 4 |  4.1

Action                   |  1- 3 |  4- 6 |  7- 9 | 10-12 || total
-------------------------+-------+-------+-------+-------++-------
Melee: War axe           |    47 |       |       |    52 ||    99
       Hand axe          |    61 |   148 |   468 |   166 ||   843
       Battleaxe         |       |       |       |   268 ||   268
Invok: Bend Time         |       |       |       |     2 ||     2
       Slouch            |       |       |       |     2 ||     2
 Abil: Dig               |       |       |     1 |       ||     1
  Use: Scroll            |     4 |       |    12 |     3 ||    19
       Potion            |       |     2 |     1 |    11 ||    14
  Eat: Chunk             |     1 |     2 |     5 |     5 ||    13
       Bread ration      |       |     1 |     1 |       ||     2
       Meat ration       |       |       |     1 |     2 ||     3
Armor: Scale mail        |    34 |       |       |       ||    34
       Plate armour      |    41 |    41 |       |     3 ||    85
       Chain mail        |       |    28 |    76 |    91 ||   195
Dodge: Dodged            |    27 |    36 |    90 |   132 ||   285
Block: Shield            |    59 |   109 |   296 |   506 ||   970
       Reflection        |       |     2 |    14 |    17 ||    33
